 Dungeon Crawl Stone Soup version 0.30-a0-956-gcec3b41aec (webtiles) character file.

Game seed: 5365864081912647470

518 vishdafish the Conjurer (level 7, 20/69 HPs)
             Began as a Demonspawn Conjurer on Mar 30, 2023.
             Quit the game on level 4 of the Dungeon.
             The game lasted 00:04:26 (3139 turns).

vishdafish the Conjurer (Demonspawn Conjurer)       Turns: 3139, Time: 00:04:27

Health: 20/69      AC: 23    Str:  7    XL:     7   Next: 1%
Magic:  0/14       EV:  2    Int: 21    God:
Gold:   102        SH:  0    Dex: 12    Spells: 7/16 levels left

rFire   . . .      SeeInvis .    d - +0 dagger
rCold   . . .      Faith    .    (no shield)
rNeg    . . .      Spirit   .    a - melded +0 robe
rPois   +          Reflect  .    (helmet currently unavailable)
rElec   .          Rampage  .    (cloak currently unavailable)
rCorr   .          NoTele   +    (gloves currently unavailable)
Will    .....                    (boots currently unavailable)
Stlth   ++                       (no amulet)
HPRegen 0.31/turn                (no ring)
MPRegen 0.14/turn                (no ring)

@: tree-form (expiring), very slightly contaminated, hasted, very quick
A: stationary, stasis, torment immunity, boosted hp, foul stench 1, (sanguine
armour 2), (weakness stinger 1)
a: no special abilities


You were on level 4 of the Dungeon.
You were a tree.
You visited 1 branch of the dungeon, and saw 4 of its levels.

You collected 102 gold pieces.

Inventory:

Hand Weapons
 d - a +0 dagger (weapon)
Armour
 a - a +0 robe (melded)
Magical Staves
 n - a staff of fire
Jewellery
 q - a +5 ring of evasion
Scrolls
 b - 2 scrolls of teleportation {unknown}
 c - 6 scrolls of identify {unknown}
 g - 3 scrolls of enchant weapon {unknown}
 h - 2 scrolls of poison {unknown}
 k - a scroll of enchant armour {unknown}
 l - a scroll of brand weapon {unknown}
 m - a scroll of amnesia {unknown}
 r - a scroll of vulnerability {unknown}
Potions
 e - 4 potions of curing
 j - 2 potions of resistance {unknown}
 o - a potion of heal wounds {unknown}
 p - a potion of brilliance {unknown}
 s - a potion of mutation {unknown}


   Skills:
 - Level 1.7 Dodging
 - Level 1.7 Stealth
 + Level 5.1 Spellcasting
 + Level 6.6 Conjurations


You had 7 spell levels left.
You knew the following spells:

 Your Spells              Type           Power      Damage    Failure   Level
a - Magic Dart            Conj           100%       1d8       1%          1
b - Fulminant Prism       Conj/Hex       9%         3d6       26%         4
c - Iskenderun's Mystic   Conj/Tloc      19%        2d6       26%         4

Your spell library contained the following spells:

 Spells                   Type           Power      Damage    Failure   Level
 Searing Ray              Conj           66%        2d6       1%          2
 Dazzling Flash           Conj/Hex       38%        N/A       9%          3


Dungeon Overview and Level Annotations

Branches:
Dungeon (4/15)
 Temple: D:4-7

Altars:


Innate Abilities, Weirdness & Mutations

You are a tree.
Your roots penetrate the ground, keeping you stationary.
You cannot be teleported.
You are immune to unholy pain and torment.
Your maximum health is greatly increased.
Your equipment is partially melded.
You may rarely emit foul miasma when damaged in melee.
((When seriously injured, your blood forms thick armour. (AC +0)))
((You have a small tail.))


Message History

You kill the orc!
The orc completely misses you.
The scorpion stings you but does no damage.
Casting: Iskenderun's Mystic Blast (quite dangerous; 28% risk of failure)
Confirm with . or Enter, or press ? or * to list all spells.
The spell is quite dangerous to miscast (28% risk of failure)!
Continue anyway?
You miscast Iskenderun's Mystic Blast.
You are very lightly contaminated with residual magic.
Nothing appears to happen.
Magical energy flows into your mind!
The scorpion stings you but does no damage.
The orc hits you but does no damage.
You hit the orc.
The orc is lightly wounded.
You barely miss the orc.
The orc is lightly wounded.
The scorpion stings you.
* * * LOW HITPOINT WARNING * * *
The orc hits you but does no damage.
Casting: Iskenderun's Mystic Blast (quite dangerous; 28% risk of failure)
Confirm with . or Enter, or press ? or * to list all spells.
The spell is quite dangerous to miscast (28% risk of failure)!
Continue anyway?
You erupt in a blast of force!
The mystic blast hits something.
The mystic blast hits the scorpion.
The scorpion is heavily wounded.
The scorpion is knocked back by the mystic blast.
The scorpion collides with something!
The scorpion is severely wounded.
The mystic blast hits the orc!
You kill the orc!
Unknown command.
You hit the scorpion but do no damage. You punch the scorpion.
The scorpion is almost dead.
The scorpion barely misses you.
You hit the scorpion.
You kill the scorpion!
Your Spellcasting skill increases to level 5!
You have reached level 7!
Your demonic ancestry asserts itself...
You begin to emit a foul stench of rot and decay.
Are you sure you want to abandon this character and quit the game? (Confirm with "yes".)

..#
###.##.#..#.#.⌠#.#
#.#
#..#.#..'.'..#.#
..#
####.#'##.####.#
#.# #...........#
#.# #.#+##.####†#
..# #.# #.#..#.#
### #.# +.+..#.#
#.####)##†#.#
#.....♣)....#
#.####†##)#.#
#.#..#)#..#.#
#.†'w'..#.#
#.#'##.####.#
#...........#
#.#+##.####.# #
#.# #.# # +.+


You could see a worm.

Vanquished Creatures
  A wyvern (D:4)
  A scorpion (D:4)
  A killer bee (D:4)
  The ghost of zero the Digger, a weakling DEEE (D:4)
  2 orc priests (D:3)
  A hound (D:4)
  Natasha (thrice) (D:2)
  2 adders (D:2)
  An ufetubus (D:4)
  A dart slug (D:2)
  6 orcs
  2 endoplasms (D:1)
  6 giant cockroaches
  4 goblins
  2 jackals (D:2)
  A quokka (D:1)
  7 ball pythons
  11 bats
  2 frilled lizards (D:1)
  7 kobolds
  A rat (D:3)
63 creatures vanquished.

Vanquished Creatures (others)
  3 fulminant prisms (D:4)
3 creatures vanquished.

Grand Total: 66 creatures vanquished

Notes
Turn   | Place    | Note
-------+----------+-------------------------------------------
     0 | D:1      | vishdafish the Demonspawn Conjurer began the quest for the
                  | Orb.
     0 | D:1      | Reached XP level 1. HP: 13/13 MP: 3/3
   527 | D:1      | Found a faded altar of an unknown god.
   567 | D:1      | Gained mutation: When seriously injured, your blood forms
                  | armour. (AC +0) [demonic ancestry]
   567 | D:1      | Reached XP level 2. HP: 19/19 MP: 3/5
  1074 | D:2      | Reached XP level 3. HP: 24/24 MP: 1/7
  1303 | D:2      | Noticed Natasha
  1318 | D:2      | Killed Natasha
  1319 | D:2      | Gained mutation: When seriously injured, your blood forms
                  | thick armour. (AC +0) [demonic ancestry]
  1319 | D:2      | Reached XP level 4. HP: 7/30 MP: 3/8
  1428 | D:2      | Noticed Natasha
  1433 | D:2      | Killed Natasha
  1434 | D:2      | Reached skill level 5 in Conjurations
  1534 | D:2      | Noticed Natasha
  1539 | D:2      | Killed Natasha
  1900 | D:3      | Gained mutation: You have a small tail. [demonic ancestry]
  1900 | D:3      | Reached XP level 5. HP: 35/35 MP: 5/10
  2432 | D:4      | Found a large runed translucent door.
  2432 | D:4      | Found a large runed translucent door.
  2441 | D:4      | Noticed zero's ghost (weakling DEEE)
  2449 | D:4      | Learned a level 4 spell: Fulminant Prism
  2454 | D:4      | Learned a level 4 spell: Iskenderun's Mystic Blast
  2459 | D:4      | Killed zero's ghost
  2576 | D:4      | Noticed a wyvern
  2582 | D:4      | Killed a wyvern
  2583 | D:4      | Reached skill level 6 in Conjurations
  2583 | D:4      | Reached XP level 6. HP: 11/41 MP: 3/13
  3139 | D:4      | Reached skill level 5 in Spellcasting
  3139 | D:4      | Gained mutation: You may rarely emit foul miasma when
                  | damaged in melee. [demonic ancestry]
  3139 | D:4      | Reached XP level 7. HP: 20/46 MP: 0/14
  3139 | D:4      | Quit the game

Illustrated notes

Levels and vault maps discovered:
D:1:      zelgadis_glass_arrival_small, layout_basic, basic_ecumenical_altar
D:2:      layout_basic, uniq_natasha
D:3:      layout_rooms, nicolae_overflow_hallway_of_the_gods,
          chequers_serial_rivers_micro_a, columned_hall_lemuel, uniq_jessica
D:4:      minmay_door_path, layout_loops_corners, ebering_ghost_disaster_area,
          st_stairs_5, nrook_loot_triangle, minmay_small_thing

Skill      XL: |  1  2  3  4  5  6 |
---------------+-------------------+-----
Spellcasting   | 3 4 5 |  5.1
Conjurations   | 5 6 |  6.6
Dodging        | |  1.7
Stealth        | |  1.7

Action                     |  1- 3 |  4- 6 |  7- 9 || total
---------------------------+-------+-------+-------++-------
  Melee: Dagger            |    41 |    30 |       ||    71
         Punch             |       |     2 |       ||     2
   Cast: Magic Dart        |    54 |    68 |       ||   122
         Iskenderun's Myst |       |     4 |       ||     4
         Fulminant Prism   |       |     3 |       ||     3
    Use: Potion            |     1 |     3 |       ||     4
   Stab: Sleeping          |     2 |       |       ||     2
 Armour: Robe              |    12 |     3 |       ||    15
         Skin              |       |    38 |       ||    38
  Dodge: Dodged            |    42 |    15 |       ||    57

Table legend: (Time is in decaauts)
 A = Elapsed time spent in this place.
 B = Non-inter-level travel time spent in this place.
 C = Inter-level travel time spent in this place.
 D = Time resting spent in this place.
 E = Time spent auto-exploring this place.
 F = Levels seen in this place.
 G = Mean time per level.
                   A        B        C        D        E       F      G
               +--------+--------+--------+--------+--------+-----+--------+
         Total |   3132 |   3116 |     16 |      0 |   2760 |   4 |  783.0 |
       Dungeon |   3132 |   3116 |     16 |      0 |   2760 |   4 |  783.0 |
               +--------+--------+--------+--------+--------+-----+--------+

Top non-repeatable levels by time:
     D:4: 1045 daAuts
     D:2: 976 daAuts
     D:1: 845 daAuts
     D:3: 264 daAuts
